 Dungeon Crawl Stone Soup version 0.29-a0-1027-gcd8c55af63 (webtiles) character file.

Game seed: 12738475151046863578

22971 frimble the Martial Artist (level 12, -20/148 HPs)
             Began as a Demonspawn Earth Elementalist on Aug 13, 2022.
             Was the Champion of Cheibriados.
             Demolished by a reaper
             ... wielding a +3 scythe of freezing
              (35 damage)
             ... in an ice cave.
             The game lasted 00:19:43 (14018 turns).

frimble the Martial Artist (DsEE)                  Turns: 14018, Time: 00:19:44

Health: -20/148    AC: 12    Str: 26    XL:     12   Next: 67%
Magic:  19/19      EV: 23    Int: 34    God:    Cheibriados [******]
Gold:   121        SH:  0    Dex: 29    Spells: 9/15 levels left

rFire   x . .      SeeInvis .     - Unarmed
rCold   + . .      Faith    .   (no shield)
rNeg    . . .      Spirit   .   J - +1 troll leather armour
rPois   .          Reflect  .   N - +2 hood of the Assassin {Detection Stab+ Stlth++}
rElec   .          Harm     .   L - +0 cloak
rCorr   .          Rampage  .   (gloves unavailable)
Will    .....                   o - +0 pair of boots
Stlth   ..........              F - amulet of the acrobat
HPRegen 1.14/turn               d - ring of ice
MPRegen 0.16/turn               l - +4 ring of evasion

@: berserking (expiring), very slow
A: claws 3, rugged brown scales 2, ignite blood 1, powered by death 2
a: Renounce Religion, Bend Time, Temporal Distortion, Slouch, Step From Time


You were in an ice cave.
You worshipped Cheibriados.
Cheibriados was exalted by your worship.
You visited 2 branches of the dungeon, and saw 14 of its levels.
You also visited: Sewer and Ice Cave.

You collected 841 gold pieces.
You spent 720 gold pieces at shops.

Inventory:

Missiles
 y - 3 curare-tipped darts
 G - a throwing net
Armour
 o - a +0 pair of boots (worn)
 J - a +1 troll leather armour (worn)
 L - a +0 cloak (worn)
 N - the +2 hood of the Assassin (worn) {Detection Stab+ Stlth++}
   (You bought it in a shop on level 7 of the Dungeon)

   It allows the wearer to sense nearby creatures.
   It allows the wearer to make particularly effective stabbing attacks against
   helpless or unaware enemies with any weapon.
   Stlth:     It makes you much more stealthy.
Jewellery
 d - a ring of ice (left claw)
 h - an amulet of magic regeneration
 k - a ring of poison resistance
 l - a +4 ring of evasion (right claw)
 z - a +6 ring of intelligence
 B - a ring of fire
 D - a +6 ring of strength
 F - an amulet of the acrobat (around neck)
 I - a ring of resist corrosion
Wands
 m - a wand of charming (16)
 r - a wand of flame (38)
 C - a wand of acid (16)
 O - a wand of roots (4)
Scrolls
 i - 4 scrolls of teleportation
 u - a scroll of butterflies {unknown}
 x - 2 scrolls of immolation
 M - a scroll of blinking
Potions
 b - a potion of magic
 c - 6 potions of attraction
 e - a potion of flight {unknown}
 g - 4 potions of heal wounds
 j - 5 potions of degeneration {unknown}
 n - 3 potions of brilliance
 p - 2 potions of might {unknown}
 q - 14 potions of curing
 s - 2 potions of haste
 t - 4 potions of resistance
 v - a potion of lignification
 w - 3 potions of mutation
 A - 3 potions of invisibility


   Skills:
 - Level 9.0 Fighting
 - Level 1.2 Short Blades
 - Level 5.4 Armour
 - Level 7.0 Dodging
 + Level 4.4 Stealth
 - Level 11.0 Unarmed Combat
 - Level 2.0 Spellcasting
 + Level 3.7 Transmutations
 + Level 4.6 Earth Magic
 + Level 9.5 Invocations
 + Level 6.6 Evocations


You had 9 spell levels left.
You knew the following spells:

 Your Spells              Type           Power      Damage    Failure   Level
b - Passwall              Tmut/Erth      26%        N/A       1%          2
c - Petrify               Tmut/Erth      32%        N/A       12%         4

Your spell library contained the following spells:

 Spells                   Type           Power      Damage    Failure   Level
 Beastly Appendage        Tmut           58%        N/A       1%          1
 Sandblast                Erth           70%        2d15      1%          1
 Wereblood                Tmut           29%        N/A       2%          2
 Freeze                   Ice            20%        1d4       7%          1
 Slow                     Hex            12%        N/A       7%          1
 Stone Arrow              Conj/Erth      38%        3d9       8%          3
 Ensorcelled Hibernation  Hex/Ice        10%        N/A       10%         2
 Poisonous Vapours        Pois/Air       6%         N/A       10%         2
 Spider Form              Tmut/Pois      16%        N/A       10%         3
 Confusing Touch          Hex            3%         N/A       21%         3
 Frozen Ramparts          Ice            10%        1d2       21%         3
 Gell's Gravitas          Tloc           3%         N/A       21%         3
 Lesser Beckoning         Tloc           3%         N/A       21%         3
 Swiftness                Air            3%         N/A       21%         3
 Teleport Other           Tloc           3%         N/A       21%         3
 Vampiric Draining        Necr           3%         2d6       21%         3
 Anguish                  Hex/Necr       1%         N/A       54%         4
 Corpse Rot               Necr/Pois/Air  3%         N/A       54%         4
 Hailstorm                Conj/Ice       5%         3d4       54%         4
 Enfeeble                 Hex            1%         N/A       100%        7


Dungeon Overview and Level Annotations

Branches:
Dungeon (13/15)            Temple (1/1) D:5            Lair (0/5) D:9
    Orc (0/2) D:12          Sewer (visited)           IceCv (1/1)
 Vaults: D:13-14

Altars:
Ashenzari
Cheibriados
Dithmenos
Fedhas
Gozag
Hepliaklqana
Kikubaaqudgha
Makhleb
Nemelex Xobeh
Okawaru
Qazlal
Ru
Sif Muna
Trog
Uskayaw
Vehumet
Wu Jian
Xom
Yredelemnul

Shops:
D:7 [   D:11 (

Annotations:
D:8 2 transporters
D:11 3 runed translucent doors


Innate Abilities, Weirdness & Mutations

You have claws for hands.
You are mostly covered in rugged brown scales. (AC +2, +5% HP)
Your demonic aura sometimes causes spilled blood to erupt in flames.
You regenerate health from kills.


Message History

Cheibriados forces you to slow down.
You feel mighty!
The ice devil hits you but does no damage.
The reaper completely misses you.
You barely miss the reaper. You barely miss the reaper.
The ice devil barely misses you.
The reaper hits you with a +3 scythe of freezing!!
The reaper freezes you.
You scratch the reaper but do no damage.
The ice devil misses you.
The reaper hits you with a +3 scythe of freezing!!!
The reaper freezes you.
You completely miss the reaper. The ice devil closely misses you.
The reaper hits you with a +3 scythe of freezing!
The reaper freezes you.
You mangle the reaper!!
The reaper is moderately wounded.
The ice devil hits you. The ice devil freezes you! You resist.
The reaper hits you with a +3 scythe of freezing!
* * * LOW HITPOINT WARNING * * *
The reaper freezes you.
* * * LOW HITPOINT WARNING * * *
You claw the reaper!
The reaper is heavily wounded.
You claw the reaper!
The reaper is heavily wounded.
The ice devil barely misses you. The reaper barely misses you.
You claw the reaper!
The reaper is severely wounded.
The ice devil hits you but does no damage.
The reaper beckons to you.
The reaper hits you with a +3 scythe of freezing!!
* * * LOW HITPOINT WARNING * * *
The reaper freezes you.
* * * LOW HITPOINT WARNING * * *
You claw the reaper!
The reaper is almost dead.
The ice devil completely misses you.
The reaper hits you with a +3 scythe of freezing!!
You die...

.#....##...°###..#.☼#
##....###..☼#..... .§ #
#....## #...#.... .#
##.#.##
#...#...####..#.
.###..#
#..............2
.##...###..#.........4#
......#≈#..##..#.#
...#...≈≈...#.##2#
#..#..#≈≈#....#4@##
####..##≈##..##...#
##..####.......# #...##
##......# ##...#
#.....## ##..## ##...##
##....# ..###
##.....##≈≈##
#.......##≈≈# ####


You could see a reaper and an ice devil.

Vanquished Creatures
  2 boulder beetles (D:11)
  A hydra (D:11)
  4 two-headed ogres
  2 deep elf pyromancers (D:12)
  An ugly thing (D:10)
  A manticore (D:12)
  2 ice statues (IceCv)
  2 gargoyles
  Maggie (D:7)
  An anaconda simulacrum (IceCv)
  An efreet (D:13)
  5 trolls
  5 ice devils (IceCv)
  A hornet (D:8)
  7 slime creatures
  2 wyverns
  A vampire (D:10)
  A wraith (D:13)
  12 yaks
  2 dire elephant simulacra (IceCv)
  Menkaure (D:7)
  3 death yak simulacra
  4 vampire mosquitoes (D:13)
  7 water moccasins
  5 orc warriors
  2 sky beasts (D:7)
  An ogre (D:6)
  An ice beast (D:7)
  5 black bears
  9 centaurs
  A phantom (D:4)
  Blork the orc (D:5)
  6 kobold brigands
  6 bullfrogs
  3 gnoll sergeants
  3 necrophages (D:7)
  2 scorpions (D:5)
  7 two-headed ogre simulacra
  18 wights
  4 killer bees (D:9)
  3 elephant simulacra
  8 howler monkeys
  10 orc priests
  7 hounds
  5 jellies
  A gnoll bouda (D:9)
  3 iguanas
  11 orc wizards
  2 spriggan simulacra
  3 troll simulacra
  2 polar bear simulacra (IceCv)
  A wolf simulacrum (IceCv)
  19 gnolls
  A naga simulacrum (IceCv)
  12 adders
  3 river rats (Sewer)
  2 shadow imps
  5 white imps
  3 ufetubi
  4 worms (Sewer)
  4 dart slugs
  56 orcs
  9 ball pythons
  6 endoplasms
  3 giant cockroaches
  10 goblins
  12 hobgoblins
  3 quokkas
  5 bats
  2 frilled lizards
  31 kobolds
  8 rats
397 creatures vanquished.

Vanquished Creatures (others)
  22 fungi (D:9)
  23 plants (D:9)
45 creatures vanquished.

Grand Total: 442 creatures vanquished

Notes
Turn   | Place    | Note
-------+----------+-------------------------------------------
     0 | D:1      | frimble the Demonspawn Earth Elementalist began the quest
                  | for the Orb.
     0 | D:1      | Reached XP level 1. HP: 13/13 MP: 3/3
   249 | D:1      | Reached skill level 1 in Short Blades
   249 | D:1      | Gained mutation: You have sharp fingernails. [demonic
                  | ancestry]
   249 | D:1      | Reached XP level 2. HP: 14/19 MP: 5/5
  1139 | D:2      | Reached skill level 1 in Unarmed Combat
  1372 | D:2      | Gained mutation: You have very sharp fingernails. [demonic
                  | ancestry]
  1372 | D:2      | Reached XP level 3. HP: 20/24 MP: 6/6
  1547 | D:2      | Found a faded altar of an unknown god.
  1740 | D:2      | Reached skill level 2 in Unarmed Combat
  2017 | D:3      | Found a stormy altar of Qazlal.
  2260 | D:3      | Reached XP level 4. HP: 23/30 MP: 7/7
  2272 | D:3      | Reached skill level 3 in Unarmed Combat
  2523 | D:3      | Found an iron altar of Okawaru.
  2908 | D:4      | Reached skill level 1 in Fighting
  2910 | D:4      | Gained mutation: You have claws for hands. [demonic
                  | ancestry]
  2910 | D:4      | Reached XP level 5. HP: 27/37 MP: 8/8
  2925 | D:4      | Noticed a phantom
  2950 | D:4      | Killed a phantom
  2951 | D:4      | Reached skill level 4 in Unarmed Combat
  3893 | D:4      | Found a broken altar of Ashenzari.
  4100 | D:5      | Entered Level 5 of the Dungeon
  4134 | D:5      | Gained mutation: You are partially covered in rugged brown
                  | scales. (AC +1, +3% HP) [demonic ancestry]
  4134 | D:5      | Reached XP level 6. HP: 19/47 MP: 9/9
  4452 | D:5      | HP: 2/48 [centaur/arrow (3)]
  4465 | D:5      | Reached skill level 5 in Unarmed Combat
  4782 | D:5      | Gained mutation: You regenerate a little health from kills.
                  | [demonic ancestry]
  4782 | D:5      | Reached XP level 7. HP: 54/55 MP: 10/10
  4784 | D:5      | Found a staircase to the Ecumenical Temple.
  4803 | Temple   | Entered the Ecumenical Temple
  4934 | Temple   | Became a worshipper of Cheibriados the Contemplative
  5176 | D:5      | Noticed Blork the orc
  5190 | D:5      | Killed Blork the orc
  5405 | D:5      | Reached skill level 5 in Fighting
  5740 | D:6      | Reached skill level 6 in Unarmed Combat
  5967 | D:6      | Found a glowing drain.
  5979 | Sewer    | Entered a sewer
  6011 | Sewer    | Reached * piety under Cheibriados
  6012 | Sewer    | Gained mutation: You regenerate health from kills. [demonic
                  | ancestry]
  6012 | Sewer    | Reached XP level 8. HP: 61/64 MP: 11/11
  6644 | Sewer    | Reached ** piety under Cheibriados
  6780 | D:6      | Reached skill level 7 in Unarmed Combat
  6995 | D:6      | Reached *** piety under Cheibriados
  7181 | D:7      | Found a shimmering altar of Xom.
  7211 | D:7      | Reached skill level 1 in Armour
  7305 | D:7      | Noticed a slime creature
  7305 | D:7      | Noticed a troll
  7305 | D:7      | Noticed a gargoyle
  7311 | D:7      | Killed a slime creature
  7312 | D:7      | Gained mutation: Your demonic aura sometimes causes spilled
                  | blood to erupt in flames. [demonic ancestry]
  7312 | D:7      | Reached XP level 9. HP: 71/71 MP: 12/12
  7314 | D:7      | Killed a troll
  7315 | D:7      | Reached skill level 8 in Unarmed Combat
  7358 | D:7      | Killed a gargoyle
  7437 | D:7      | Noticed Maggie
  7456 | D:7      | Killed Maggie
  7457 | D:7      | Reached skill level 5 in Armour
  7457 | D:7      | Reached skill level 9 in Unarmed Combat
  7541 | D:7      | Reached **** piety under Cheibriados
  7554 | D:7      | Found Taepro's Armour Emporium.
  7623 | D:7      | Noticed Menkaure
  7629 | D:7      | Killed Menkaure
  7630 | D:7      | Gained mutation: You are mostly covered in rugged brown
                  | scales. (AC +2, +5% HP) [demonic ancestry]
  7630 | D:7      | Reached XP level 10. HP: 60/80 MP: 13/13
  8107 | D:6      | Reached skill level 1 in Invocations
  8940 | D:8      | Found a transporter.
  9033 | D:8      | Found a transporter.
  9200 | D:8      | Reached ***** piety under Cheibriados
  9703 | D:8      | Reached skill level 1 in Evocations
  9842 | D:9      | Reached skill level 5 in Dodging
  9843 | D:9      | Reached skill level 10 in Unarmed Combat
  9944 | D:9      | Found a staircase to the Lair.
  9959 | D:9      | Reached skill level 5 in Invocations
 10156 | D:9      | Reached XP level 11. HP: 64/90 MP: 15/15
 10653 | D:9      | Found a hide-covered altar of Uskayaw.
 10653 | D:9      | Found a shimmering blue altar of Sif Muna.
 10835 | D:9      | Noticed a two-headed ogre
 10839 | D:9      | Killed a two-headed ogre
 11026 | D:10     | Entered Level 10 of the Dungeon
 11200 | D:10     | Noticed a cyan ugly thing
 11213 | D:10     | Killed a cyan ugly thing
 11829 | D:11     | Found Ysuminipn's Weapon Shoppe.
 11860 | D:11     | Noticed a two-headed ogre
 11866 | D:11     | Killed a two-headed ogre
 12130 | D:7      | Bought the +2 hood of the Assassin {Detection Stab+
                  | Stlth++} for 720 gold pieces
 12130 | D:7      | Found the +2 hood of the Assassin {Detection Stab+ Stlth++}
 12368 | D:11     | Noticed a two-headed ogre
 12373 | D:11     | Killed a two-headed ogre
 12414 | D:11     | Found a runed translucent gate.
 12414 | D:11     | Found a runed translucent gate.
 12414 | D:11     | Found a runed translucent gate.
 12416 | D:11     | Noticed a brown ugly thing
 12416 | D:11     | Noticed a white ugly thing
 12416 | D:11     | Noticed a red ugly thing
 12459 | D:11     | Noticed a boulder beetle
 12482 | D:11     | Killed a boulder beetle
 12537 | D:11     | Noticed a seven-headed hydra
 12548 | D:11     | Killed a ten-headed hydra
 12549 | D:11     | Reached skill level 5 in Evocations
 12662 | D:11     | Noticed a boulder beetle
 12672 | D:11     | Killed a boulder beetle
 12855 | D:11     | Learned a level 2 spell: Passwall
 12860 | D:11     | Learned a level 4 spell: Petrify
 12893 | D:12     | Reached skill level 11 in Unarmed Combat
 12893 | D:12     | Reached skill level 1 in Transmutations
 12898 | D:12     | Noticed a two-headed ogre
 12910 | D:12     | Killed a two-headed ogre
 12911 | D:12     | Reached XP level 12. HP: 96/99 MP: 16/18
 12943 | D:12     | Reached ****** piety under Cheibriados
 13163 | D:12     | Identified the +5 whip of Noon {spect, rF+ rC++ rN+ Int-4
                  | Dex-5}
 13334 | D:12     | Found a staircase to the Orcish Mines.
 13389 | D:12     | Found a hazy altar of Hepliaklqana.
 13625 | D:13     | Found a frozen archway.
 13660 | IceCv    | Entered an ice cave
 13996 | IceCv    | Noticed a reaper
 14018 | IceCv    | Demolished by a reaper

Illustrated notes

Levels and vault maps discovered:
D:1:      co_arrival_random_square_maze, layout_rooms
D:2:      layout_basic, nicolae_ecumenical_lake_church
D:3:      layout_rooms, lemuel_tele_altar, okawaru_altar_gauntlet_db,
          hangedman_decor_clover_reticule, kennysheep_generic_room_8
D:4:      layout_layer_cave, minitemple, minmay_bent
D:5:      layout_loops_cross, minmay_temple_entry_junction, uniq_blork_the_orc
D:6:      corexii_shantytown, layout_gridville, cheibrodos_sewer_entry_drain
D:7:      nzn_winding_woodlands_cross [nzn_winding_woodlands_5x15_concentric,
          nzn_winding_woodlands_5x15_sidewinder,
          nzn_winding_woodlands_5x15_jagged, nzn_winding_woodlands_5x15_crooked,
          nzn_winding_woodlands_15x15_killbox], layout_loops_cross,
          mainiacjoe_overflow_chevrons, serial_shops, shop, uniq_menkaure,
          uniq_maggie
D:8:      gammafunk_cloud_chamber, layout_loops_corners
D:9:      layout_loops_corners, gammafunk_temple_overflow_statue,
          due_lair_maze_entry_diamond, grunt_ogre_cave, minivault_22
D:10:     layout_basic, lightli_orcish_oven
D:11:     layout_irregular_city, serial_shops,
          nicolae_shop_bloodbath_and_beyond,
          ploomutoo_gammafunk_ghost_potion_laboratory
D:12:     layout_roguey, orc_0_dummy, worldfamousw_hep_ancestral_shrine
D:13:     layout_irregular_city, portal_ice_cave_entry_ice_simulacra
Temple:   nicolae_temple_bog_church
IceCv:    ice_cave_small_demon

Skill      XL: |  1  2  3  4  5  6  7  8  9 10 11 12 |
---------------+-------------------------------------+-----
Short Blades   | 1 |  1.2
Unarmed Combat | 1 2 3 4 5 6 7 9 10 11 | 11.0
Fighting       | 1 2 4 5 6 7 9 |  9.0
Dodging        | 3 5 6 7 |  7.0
Armour         | 2 5 |  5.4
Invocations    | 5 8 9 |  9.5
Evocations     | 2 5 6 |  6.6
Transmutations | 1 3 |  3.7
Stealth        | 2 4 |  4.4
Earth Magic    | 4 |  4.6
Spellcasting   | |  2.0

Action                   |  1- 3 |  4- 6 |  7- 9 | 10-12 || total
-------------------------+-------+-------+-------+-------++-------
Melee: Dagger            |    38 |       |       |       ||    38
       Unarmed           |   125 |   125 |   395 |   534 ||  1179
       Punch             |     1 |     1 |    21 |    39 ||    62
 Cast: Sandblast         |     7 |     3 |     1 |     2 ||    13
Invok: Slouch            |       |       |       |     3 ||     3
Evoke: Wand              |       |       |       |     4 ||     4
  Use: Scroll            |     7 |     2 |     5 |     8 ||    22
       Potion            |       |     2 |     5 |     1 ||     8
 Stab: Invisible         |       |       |     2 |       ||     2
       Sleeping          |       |       |       |    14 ||    14
       Distracted        |       |       |       |     4 ||     4
Armor: Ring mail         |    82 |    41 |    56 |       ||   179
       Skin              |       |     7 |       |       ||     7
       Chain mail        |       |       |    28 |       ||    28
       Steam dragon scal |       |       |    14 |    55 ||    69
       Troll leather arm |       |       |       |    44 ||    44
Dodge: Dodged            |   110 |    82 |   264 |   631 ||  1087

Table legend: (Time is in decaauts)
 A = Elapsed time spent in this place.
 B = Non-inter-level travel time spent in this place.
 C = Inter-level travel time spent in this place.
 D = Time resting spent in this place.
 E = Time spent auto-exploring this place.
 F = Levels seen in this place.
 G = Mean time per level.
                   A        B        C        D        E       F      G
               +--------+--------+--------+--------+--------+-----+--------+
         Total |  18877 |  17505 |   1372 |      0 |  14462 |  16 | 1179.8 |
       Dungeon |  17164 |  15817 |   1347 |      0 |  13359 |  13 | 1320.3 |
        Temple |    147 |    122 |     25 |      0 |    107 |   1 |  147.0 |
         Sewer |   1078 |   1078 |      0 |      0 |    756 |   1 | 1078.0 |
      Ice Cave |    486 |    486 |      0 |      0 |    239 |   1 |  486.0 |
               +--------+--------+--------+--------+--------+-----+--------+

Top non-repeatable levels by time:
     D:9: 2074 daAuts
     D:6: 1874 daAuts
     D:8: 1805 daAuts
     D:7: 1600 daAuts
     D:5: 1508 daAuts
    D:11: 1464 daAuts
    D:10: 1405 daAuts
     D:4: 1352 daAuts
    D:12: 1194 daAuts
     D:1: 1120 daAuts
   Sewer: 1078 daAuts
     D:2: 859 daAuts
     D:3: 765 daAuts
   IceCv: 486 daAuts
  Temple: 147 daAuts
